 Dungeon Crawl Stone Soup version 0.25-a0-766-g0ecfff5982 (webtiles) character file.

Game seed: 4843003636662185157, levelgen mode: deterministic

2242 Lugonue the Carver (level 9, -7/75 HPs)
             Began as a Minotaur Gladiator on Apr 13, 2020.
             Was a Follower of Wu Jian.
             Mangled by a two-headed ogre
             ... wielding a +0 giant spiked club
              (17 damage)
             ... on level 7 of the Dungeon.
             The game lasted 00:08:30 (5315 turns).

Lugonue the Carver (Minotaur Gladiator)             Turns: 5315, Time: 00:08:40

Health: -7/75      AC: 16    Str: 22    XL:     9   Next: 14%
Magic:  9/9        EV: 10    Int: 11    God:    Wu Jian [*.....]
Gold:   234        SH:  0    Dex: 12    Spells: 8/8 levels left

rFire    . . .     SeeInvis .   D - +3 great sword
rCold    + . .     Gourm    .   (shield currently unavailable)
rNeg     . . .     Faith    .   r - +6 chain mail "Ulamiel" {*Contam Int+6}
rPois    .         Spirit   .   c - +0 hat
rElec    .         Reflect  .   (no cloak)
rCorr    +         Harm     .   (no gloves)
MR       .....                  (no boots)
Stlth    ..........             p - amulet of rage
HPRegen  0.22/turn              h - ring of protection from cold
MPRegen  0.11/turn              u - ring of resist corrosion

@: lethally poisoned (-7 -> -8)
A: retaliatory headbutt, horns 2
a: Renounce Religion, Evoke Berserk Rage


You were on level 7 of the Dungeon.
You worshipped Wu Jian.
Wu Jian was aware of your devotion.
You were not hungry.

You visited 1 branch of the dungeon, and saw 7 of its levels.

You collected 443 gold pieces.
You spent 209 gold pieces at shops.

Inventory:

Hand Weapons
 D - a +3 great sword (weapon)
Missiles
 d - 3 throwing nets
 g - 3 boomerangs (quivered)
 i - 17 poisoned darts
Armour
 c - a +0 hat (worn)
 m - a +0 ring mail
 r - the +6 chain mail "Ulamiel" (worn) {*Contam Int+6}
   (You bought it in a shop on level 4 of the Dungeon)

   It affects your intelligence (+6).
   It causes magical contamination when unequipped.
Jewellery
 h - a ring of protection from cold (left hand)
 p - an amulet of rage (around neck)
 u - a ring of resist corrosion (right hand)
Wands
 j - a wand of flame (7)
 v - a wand of digging (4)
 y - a wand of paralysis (11)
Scrolls
 b - 11 scrolls of identify
 n - 6 scrolls of teleportation
 o - 3 scrolls of remove curse
 s - 2 scrolls of enchant armour {unknown}
 A - a scroll of fog {unknown}
 B - a scroll of amnesia
Potions
 e - 2 potions of haste
 k - 4 potions of curing
 l - 3 potions of lignification {unknown}
 q - a potion of brilliance {unknown}
 t - a potion of heal wounds {unknown}
 w - a potion of mutation {unknown}
 x - a potion of degeneration {unknown}
 z - a potion of resistance {unknown}
Comestibles
 f - 11 rations
 C - 2 chunks of flesh


   Skills:
 + Level 6.2 Fighting
 + Level 10.0 Long Blades
 + Level 3.3 Throwing
 + Level 7.0 Armour
 + Level 5.0 Dodging
 + Level 1.4 Stealth
 + Level 1.6 Evocations


You had 8 spell levels left.
You didn't know any spells.
Your spell library was empty.

Dungeon Overview and Level Annotations

Branches:
Dungeon (7/15)             Temple (0/1) D:7

Altars:
Ashenzari
Fedhas
Makhleb
Qazlal
Trog
Vehumet
Wu Jian
Xom
The Shining One

Shops:
D:4 [


Innate Abilities, Weirdness & Mutations

You reflexively headbutt those who attack you in melee.
You have a pair of horns on your head.


Message History

The two-headed ogre hits you with a +0 giant spiked club!
* * * LOW HITPOINT WARNING * * *
The two-headed ogre hits you with a cursed -2 giant spiked club!
* * * LOW HITPOINT WARNING * * *
Okay, then.
Unknown command.
Evoke which item? (* to show all) (? for menu, Esc to quit)
Aiming: Paralyse
Press: ? - help, Shift-Dir - straight line, f - two-headed ogre
Aim: a two-headed ogre, wielding a +0 giant spiked club and a -2 giant spiked club (severely wounded, chance to defeat MR: 32%)
Okay, then.
Unknown command.
You hit the two-headed ogre. You headbutt the two-headed ogre.
The two-headed ogre is severely wounded.
The two-headed ogre barely misses you. You furiously retaliate!
You headbutt the two-headed ogre!
You riposte.
You hit the two-headed ogre.
Your headbutt misses the two-headed ogre.
The two-headed ogre is almost dead.
The two-headed ogre hits you with a cursed -2 giant spiked club!
You die...

..#....#.. .#
##.......... # ..
#_..#......#.._ #..
#..........|.##...#...
#...#....#...#........
#..........##........
#...#..#...#.........
#........##.........
#_.@O..._#..........
####''#####....#....
#..........###....
#.....##.[........
#.....##..⌠8......
##....#...........
######.>.⌠8..#...
#......###.. ###.⌠8.#
#..


You could see a two-headed ogre.

Vanquished Creatures
  Pikel (D:4)
  Grinder (D:5)
  Sigmund (D:3)
  A black bear (D:7)
  2 slaves (D:4)
  An orc warrior (D:6)
  An ogre (D:3)
  2 centaurs
  A big kobold (D:6)
  A gnoll sergeant (D:7)
  A scorpion (D:5)
  4 wights (D:7)
  2 howler monkeys
  A hound (D:5)
  A jelly (D:4)
  5 orc priests
  3 orc wizards (D:6)
  2 worker ants
  Terence (D:2)
  A howler monkey zombie (D:6)
  A worker ant zombie (D:5)
  3 gnolls (D:7)
  4 adders
  2 shadow imps (D:5)
  An adder skeleton (D:4)
  2 worms
  A dart slug (D:2)
  6 leopard geckos
  25 orcs
  2 giant cockroaches
  8 goblins
  5 hobgoblins
  11 jackals
  8 kobolds
  A quokka (D:3)
  A ball python (D:5)
  13 bats
  4 frilled lizards
  A jackal skeleton (D:5)
  2 rats (D:1)
134 creatures vanquished.

Notes
Turn   | Place    | Note
-------+----------+-------------------------------------------
     0 | D:1      | Lugonue the Minotaur Gladiator began the quest for the Orb.
     0 | D:1      | Reached XP level 1. HP: 18/18 MP: 0/0
    68 | D:1      | Reached XP level 2. HP: 22/25 MP: 1/1
    75 | D:1      | Reached skill level 4 in Long Blades
   446 | D:1      | Reached XP level 3. HP: 29/30 MP: 2/2
   802 | D:2      | Reached skill level 1 in Armour
   804 | D:2      | Noticed Terence
   816 | D:2      | Killed Terence
  1001 | D:2      | Reached XP level 4. HP: 12/38 MP: 3/3
  1815 | D:3      | Noticed Sigmund
  1835 | D:3      | Killed Sigmund
  1835 | D:3      | Reached skill level 5 in Long Blades
  1835 | D:3      | Reached XP level 5. HP: 29/45 MP: 4/4
  2054 | D:3      | Noticed an ogre
  2062 | D:3      | Killed an ogre
  2062 | D:3      | Reached XP level 6. HP: 52/52 MP: 5/5
  2088 | D:3      | Reached skill level 6 in Long Blades
  2423 | D:3      | Found a glowing golden altar of the Shining One.
  2746 | D:4      | Found Uxzebb's Antique Armour Shop.
  2755 | D:4      | Bought a dazzling chain mail for 209 gold pieces
  2765 | D:4      | Identified the +6 chain mail "Ulamiel" {*Contam Int+6} (You
                  | bought it in a shop on level 4 of the Dungeon)
  2838 | D:4      | Noticed a slave
  2838 | D:4      | Noticed a slave
  2856 | D:4      | Killed a slave
  2861 | D:4      | Killed a slave
  2867 | D:4      | Noticed a slave
  2867 | D:4      | Noticed a slave
  2871 | D:4      | Noticed Pikel
  2895 | D:4      | Killed Pikel
  2895 | D:4      | Reached skill level 7 in Long Blades
  2895 | D:4      | Reached skill level 1 in Stealth
  2895 | D:4      | Reached XP level 7. HP: 31/60 MP: 6/6
  2964 | D:4      | Found a radiant altar of Vehumet.
  3261 | D:4      | Found a shimmering altar of Xom.
  3761 | D:5      | Entered Level 5 of the Dungeon
  3792 | D:5      | Reached skill level 5 in Armour
  3802 | D:5      | Reached XP level 8. HP: 34/67 MP: 7/7
  3804 | D:5      | Reached skill level 8 in Long Blades
  4009 | D:5      | Noticed Grinder
  4009 | D:5      | Paralysed by Grinder for 3 turns
  4021 | D:5      | Paralysed by Grinder for 3 turns
  4027 | D:5      | Killed Grinder
  4082 | D:5      | Reached skill level 5 in Fighting
  4082 | D:5      | Reached skill level 1 in Evocations
  4413 | D:6      | Found an ornate altar of the Wu Jian Council.
  4495 | D:6      | Became a worshipper of the Wu Jian Council
  4619 | D:6      | Reached skill level 9 in Long Blades
  5198 | D:7      | Reached XP level 9. HP: 47/75 MP: 9/9
  5203 | D:7      | Found a stormy altar of Qazlal.
  5214 | D:7      | Reached * piety under Wu Jian
  5214 | D:7      | Reached skill level 5 in Dodging
  5277 | D:7      | Reached skill level 10 in Long Blades
  5289 | D:7      | Found a staircase to the Ecumenical Temple.
  5306 | D:7      | Found a burning altar of Makhleb.
  5307 | D:7      | Found a blossoming altar of Fedhas.
  5307 | D:7      | Found a bloodstained altar of Trog.
  5307 | D:7      | Found a shattered altar of Ashenzari.
  5307 | D:7      | Noticed a two-headed ogre
  5315 | D:7      | Mangled by a two-headed ogre

Levels and vault maps discovered:
D:1:      elethiomel_arrival_infinity_welcomes_careful_drivers, layout_basic
D:2:      layout_basic, minmay_fractal_squares_5, uniq_terence
D:3:      layout_loops_ring, lemuel_coloured_pillars_altar,
          kennysheep_small_spiral, uniq_sigmund
D:4:      layout_layer_cave, vehumet_altar_wand_db, brannock_xom_greatest_gift,
          serial_shops, nicolae_shop_temple_entry_statues_fountains,
          minmay_crystal_water, uniq_pikel
D:5:      layout_loops_cross, first_ration, chequers_mini_garden, uniq_grinder
D:6:      layout_basic, marbit_many_paths
D:7:      layout_cave_pools, minmay_overflow_temple_hex,
          minmay_temple_entry_drinking_statues, the_bakery,
          grunt_qazlal_sundering

Skill      XL: |  1  2  3  4  5  6  7  8  9 |
---------------+----------------------------+-----
Long Blades    | 4 5 7 9 10 | 10.0
Armour         | 1 3 4 5 6 7 |  7.0
Fighting       | 3 4 6 |  6.2
Dodging        | 4 5 |  5.0
Stealth        | 1 |  1.4
Throwing       | 3 |  3.3
Evocations     | 1 |  1.6

Action                   |  1- 3 |  4- 6 |  7- 9 || total
-------------------------+-------+-------+-------++-------
Melee: Long sword        |    54 |    76 |   161 ||   291
       Headbutt          |     6 |    19 |    39 ||    64
       Great sword       |       |       |    14 ||    14
Throw: Boomerang         |     1 |       |    11 ||    12
       Throwing net      |     1 |     2 |       ||     3
       Dart              |       |     9 |     3 ||    12
Invok: Lunge             |       |       |     6 ||     6
       Whirlwind         |       |       |     2 ||     2
 Abil: Evoke Berserk Rag |       |     1 |     1 ||     2
Evoke: Wand              |       |       |     4 ||     4
  Use: Scroll            |       |     8 |       ||     8
       Potion            |       |     1 |       ||     1
 Stab: Held in net/web   |     1 |       |       ||     1
  Eat: Chunk             |       |     6 |    10 ||    16
Armor: Leather armour    |    11 |     3 |       ||    14
       Ring mail         |       |     7 |       ||     7
       Chain mail        |       |    28 |    94 ||   122
Dodge: Dodged            |    54 |    50 |    80 ||   184
       Rpst.: Long sword |    15 |    13 |    12 ||    40
       Great sword       |       |       |     4 ||     4

Table legend:
 A = Non-vault XP
 B = Vault XP
 C = Vault XP percentage of total XP
 D = Non-vault monster count
 E = Vault monster count
 F = Vault count percentage of total count
                 A         B        C        D         E       F
            +---------+---------+-------+---------+---------+-------
      Total |    2003 |    1201 |  37.5 |     122 |      10 |   7.6
            +---------+---------+-------+---------+---------+-------
        D:1 |      45 |       0 |   0.0 |      25 |       0 |   0.0
        D:2 |      16 |      47 |  74.6 |       9 |       6 |  40.0
        D:3 |     158 |     231 |  59.4 |      15 |       1 |   6.2
        D:4 |     113 |     642 |  85.0 |      10 |       2 |  16.7
        D:5 |     432 |     281 |  39.4 |      18 |       1 |   5.3
        D:6 |     614 |       0 |   0.0 |      32 |       0 |   0.0
        D:7 |     625 |       0 |   0.0 |      13 |       0 |   0.0
            +---------+---------+-------+---------+---------+-------
